[Event "*** Titled Tuesday Blitz"]
[Site "Chess.com"]
[Date "2018.08.07"]
[Round "9"]
[White "nitpicker"]
[Black "AlanZhang"]
[Result "1-0"]
[WhiteElo "2136"]
[BlackElo "1940"]
[TimeControl "180+2"]
[EndTime "15:00:59 PDT"]
[Termination "nitpicker won by resignation"]

1. d4 Nf6 2. c4 e6 3. g3 d5 4.
Nf3 Be7 5. Bg2 O-O 6. O-O dxc4 7. Ne5 Nbd7 8. Nxc4 Nb6 9. Ne5 c5 10. dxc5 Bxc5 11. Nd3 Bd6 12. Nc3 a6 13. Qb3 Qc7 14.
Bg5 Bd7 15. Rac1 Ba4 16. Nxa4 1-0

[Event "*** Titled Tuesday Blitz"]
[Site "Chess.com"]
[Date "2018.08.07"]
[Round "9"]
[White "Zaven_ChessMood"]
[Black "Tjktiger"]
[Result "1-0"]
[WhiteElo "2882"]
[BlackElo "2540"]
[TimeControl "180+2"]
[EndTime "15:01:50 PDT"]
[Termination "Zaven_ChessMood won by resignation"]

1. e4 d6 2. d4 Nf6 3. Nc3 g6 4. f4 Bg7 5. Nf3 O-O 6. Bd3 Nc6 7. Qe2 Bg4 8. Be3 Nd7 9. Qf2 Bxf3 10.
gxf3 e5 11. d5 Nd4 12. h4 h5 13. O-O-O c5 14. dxc6 bxc6 15. f5 Kh7 16. Rhg1 Rg8 17. f4 c5 18. fxg6+ fxg6 19. f5 gxf5 20. Bxd4 f4 21.
Be3 Nf6 22. Bd2 Ng4 23. Qf3 Qxh4 24. Rh1 Qg5 25. Bc4 Rgf8 26. Rdg1 Bh6 27. Be6 Nh2 28. Rxg5 Nxf3 29. Rgxh5 Rf6 30. Bf5+ Kg7 31. Nd5 1-0

[Event "*** Titled Tuesday Blitz"]
[Site "Chess.com"]
[Date "2018.08.07"]
[Round "9"]
[White "m3alam"]
[Black "Micki-taryan"]
[Result "0-1"]
[WhiteElo "2221"]
[BlackElo "2899"]
[TimeControl "180+2"]
[EndTime "15:03:07 PDT"]
[Termination "Micki-taryan won by checkmate"]

1. d4 Nf6 2. Nf3 e6 3. g3 b6 4. Bg2 Bb7 5. O-O Be7 6. c4 O-O 7. Nc3 Ne4 8. Bd2 Bf6 9. Be1 Nxc3 10. Bxc3 Be4 11. Nd2 Bxg2 12. Kxg2 d6 13. Ne4 Be7 14. h4 Nd7 15. Qd3 d5 16. cxd5 exd5 17. Nd2 Re8 18. Nf3 Bd6 19. Rae1 Nf6 20. Ne5 Ne4 21. f3 Nxc3 22. Qxc3 c5 23. Nd3 c4 24. Ne5 b5 25.
e4 b4 26. Qd2 Bxe5 27. dxe5 dxe4 28. Qxb4 Rxe5 29. Qxc4 exf3+ 30. Kxf3 Rxe1 31. Rxe1 h6 32. Re2 Rc8 33. Qe4 Qd1 34. Kg2 Rc1 35. Qa8+ Kh7 36. Qe4+ g6 37. Qf3 Qh1+ 38. Kf2 Qg1# 0-1

[Event "*** Titled Tuesday Blitz"]
[Site "Chess.com"]
[Date "2018.08.07"]
[Round "9"]
[White "JonahWillow"]
[Black "Haykos"]
[Result "1-0"]
[WhiteElo "2676"]
[BlackElo "2532"]
[TimeControl "180+2"]
[EndTime "15:03:15 PDT"]
[Termination "JonahWillow won by resignation"]

1. e4 c5 2. Nf3 e6 3. d4 cxd4 4. Nxd4 Nf6 5. Nc3 Nc6 6. g3 Bb4 7. Bg2 d5 8. exd5 Nxd5 9. O-O O-O 10. Nxd5 exd5 11. Nxc6 bxc6 12. c3 Bc5 13. Bf4 a5 14. Qa4 Qb6 15. b4 axb4 16. Qxa8 Ba6 17. Bc7 Qb5 18.
Bd8 bxc3 19. Rfe1 Bb7 20. Qa5 Qc4 21. Rac1 d4 22. Bb6 Ra8 23. Qxc5 1-0

[Event "*** Titled Tuesday Blitz"]
[Site "Chess.com"]
[Date "2018.08.07"]
[Round "9"]
[White "Manukyan_Artak"]
[Black "Laico"]
[Result "0-1"]
[WhiteElo "2322"]
[BlackElo "2284"]
[TimeControl "180+2"]
[EndTime "15:03:23 PDT"]
[Termination "Laico won by resignation"]

1. e4 e6 2. d4 d5 3. e5 c5 4.
c3 Nc6 5. Nf3 Bd7 6. a3 Nge7 7.
Bd3 Qb6 8. dxc5 Qxc5 9. Be3 Qa5 10. O-O Ng6 11. Bd4 Qc7 12. Re1 Be7 13. g3 O-O 14. h4 Nxd4 15. cxd4 f6 16. h5 Nh8 17. Nc3 Nf7 18. Rc1 Qb6 19. b4 fxe5 20. dxe5 Ng5 21. Nxg5 Qxf2+ 22. Kh1 Bxg5 23. Rc2 Qxg3 24. Rg1 Qxe5 25. Qg4 Bh6 26. Qg3 Qxg3 27. Rxg3 Rac8 28. Nb5 Rxc2 29. Bxc2 Bxb5 0-1

[Event "*** Titled Tuesday Blitz"]
[Site "Chess.com"]
[Date "2018.08.07"]
[Round "9"]
[White "hansen"]
[Black "NateSolon"]
[Result "1-0"]
[WhiteElo "2675"]
[BlackElo "2520"]
[TimeControl "180+2"]
[EndTime "15:03:32 PDT"]
[Termination "hansen won by resignation"]

1. d4 Nf6 2. c4 e6 3. Nf3 d5 4.
Nc3 Bb4 5. Bg5 h6 6. Bxf6 Qxf6 7. Qa4+ Nc6 8. e3 O-O 9. Be2 dxc4 10. Bxc4 Bd7 11. Qc2 e5 12. O-O Bxc3 13. bxc3 Bg4 14. Bd5 exd4 15. exd4 Rad8 16. Bxc6 Qxc6 17. Ne5 Qe6 18. Qe4 Bf5 19. Qxb7 Qb6 20. Qf3 Be6 21. Rfb1 Qa6 22. Nd3 Bd5 23. Qg3 Be4 24. Nc5 Qc6 25. Rb7 Bd5 26. Rxc7 Qb6 27. Nd7 Qb2 28. Rf1 1-0

[Event "*** Titled Tuesday Blitz"]
[Site "Chess.com"]
[Date "2018.08.07"]
[Round "9"]
[White "GMKrikor"]
[Black "yoolund"]
[Result "1-0"]
[WhiteElo "2765"]
[BlackElo "2517"]
[TimeControl "180+2"]
[EndTime "15:03:49 PDT"]
[Termination "GMKrikor won by resignation"]

1. e4 b6 2. d4 Bb7 3. Bd3 e6 4. Nf3 d5 5. exd5 Qxd5 6. O-O Nf6 7. Nc3 Qd8 8. Bg5 Be7 9. Qe2 O-O 10. Rad1 Nbd7 11.
Ne5 h6 12. Bh4 Nd5 13. Bg3 Nxc3 14. bxc3 Nxe5 15. dxe5 Qe8 16. h4 Rd8 17. h5 Kh8 18. f4 Qc6 19. c4 Bc8 20. Kh2 Qa4 21. Qe4 1-0

[Event "*** Titled Tuesday Blitz"]
[Site "Chess.com"]
[Date "2018.08.07"]
[Round "9"]
[White "ZoltanChef"]
[Black "CookiesAndIceCream"]
[Result "0-1"]
[WhiteElo "2204"]
[BlackElo "2251"]
[TimeControl "180+2"]
[EndTime "15:03:59 PDT"]
[Termination "CookiesAndIceCream won by checkmate"]

1. d4 Nf6 2. c4 g6 3. Nc3 d5 4. cxd5 Nxd5 5. Bd2 Bg7 6. e4 Nb6 7. Nf3 O-O 8. h3 Bxd4 9. Nxd4 Qxd4 10. Qc2 Nc6 11. a3 Nc4 12. Bh6 Rd8 13. Rd1 Qc5 14. Rxd8+ Nxd8 15. Nd5 b5 16. b3 c6 17. Nc7 Rb8 18. bxc4 Qd6 19. Ne8 Qd7 20. Qc3 Ne6 21.
Ng7 Nd4 22. h4 bxc4 23. h5 Rb1+ 24. Bc1 Nb3 25. Qe5 Rxc1+ 26. Ke2 Qd3# 0-1

[Event "*** Titled Tuesday Blitz"]
[Site "Chess.com"]
[Date "2018.08.07"]
[Round "9"]
[White "Annawel"]
[Black "ElHelvetico"]
[Result "1-0"]
[WhiteElo "2801"]
[BlackElo "2684"]
[TimeControl "180+2"]
[EndTime "15:04:12 PDT"]
[Termination "Annawel won by resignation"]

1. e4 c5 2. Nf3 Nc6 3. Nc3 g6 4. h4 h6 5. h5 g5 6. Bc4 Bg7 7. d3 d6 8. a3 Nf6 9. Nh2 O-O 10. f4 g4 11. Be3 g3 12. Nf1 Bg4 13. Qd2 Nxh5 14. f5 e6 15. Bxh6 Qf6 16. Bg5 Qe5 17. Ne3 exf5 18. Nxg4 fxg4 19. Rxh5 Nd4 20. Nd5 Rfe8 21. c3 Ne6 22. O-O-O 1-0

[Event "*** Titled Tuesday Blitz"]
[Site "Chess.com"]
[Date "2018.08.07"]
[Round "9"]
[White "Last7Samurai"]
[Black "Cryptochess"]
[Result "0-1"]
[WhiteElo "2594"]
[BlackElo "2514"]
[TimeControl "180+2"]
[EndTime "15:04:45 PDT"]
[Termination "Cryptochess won by resignation"]

1. d4 Nf6 2. Bf4 e6 3. e3 c5 4. Nd2 Nc6 5. c3 b6 6. Bd3 Bb7 7. Ngf3 d5 8. h3 Bd6 9. Bxd6 Qxd6 10. O-O O-O 11. Qe2 e5 12. dxe5 Nxe5 13. Nxe5 Qxe5 14.
Nf3 Qe6 15. Rad1 Rad8 16. Rfe1 h6 17. a4 Rfe8 18. a5 g6 19. Bb5 Re7 20. a6 Ba8 21. Bd3 Kg7 22. b4 Ne8 23. Qb2 Qf6 24. Qa3 d4 25.
Be2 d3 26. Nh2 Red7 27. Bg4 d2 28. Re2 Rd3 29. bxc5 Rxc3 30. Qb2 Rxc5 31. Qxf6+ Nxf6 32. Rexd2 Rxd2 33. Rxd2 Ra5 34. Bc8 Ra1+ 35. Nf1 Bc6 36. Rb2 Bd5 37. Rb4 b5 38. Rxb5 Rxf1+ 39. Kh2 Rxf2 40.
Bb7 Rxg2+ 41. Kh1 Rb2+ 0-1

[Event "*** Titled Tuesday Blitz"]
[Site "Chess.com"]
[Date "2018.08.07"]
[Round "9"]
[White "platy3"]
[Black "OparinGrigoriy"]
[Result "0-1"]
[WhiteElo "2759"]
[BlackElo "2890"]
[TimeControl "180+2"]
[EndTime "15:04:50 PDT"]
[Termination "OparinGrigoriy won by resignation"]

1. e4 e5 2. Nf3 Nc6 3. Bb5 a6 4. Ba4 Nf6 5. O-O Be7 6. Re1 b5 7. Bb3 d6 8. c3 O-O 9. h3 Nb8 10.
d4 Nbd7 11. Nbd2 Bb7 12. Bc2 Re8 13. Nf1 Bf8 14. Ng3 g6 15. Bg5 h6 16. Bd2 Bg7 17.
a4 Nb6 18. b3 bxa4 19. bxa4 Nc4 20. d5 c6 21. dxc6 Bxc6 22. Bb3 Na5 23. Ba2 Qd7 24. Nh2 Nb7 25. Qf3 h5 26. Bh6 Nc5 27. Bxg7 Kxg7 28. Rad1 Bxa4 29. Rd2 Rab8 30. Qe3 Nh7 31. Nf3 Qe7 32.
h4 a5 33. Ng5 Nxg5 34. hxg5 Bb3 35. Bb1 Ne6 36. Nf5+ gxf5 37. exf5 Qxg5 38. fxe6 Qxe3 39.
Rxe3 Rxe6 40. Bf5 Rf6 41. Rg3+ Kf8 42. Rg5 a4 0-1

[Event "*** Titled Tuesday Blitz"]
[Site "Chess.com"]
[Date "2018.08.07"]
[Round "9"]
[White "Mimsychess"]
[Black "sandager"]
[Result "1-0"]
[WhiteElo "2272"]
[BlackElo "2026"]
[TimeControl "180+2"]
[EndTime "15:04:53 PDT"]
[Termination "Mimsychess won by resignation"]

1. Nf3 d5 2. d4 Nf6 3. c4 g6 4. cxd5 Nxd5 5. e4 Nb6 6. h3 Bg7 7. Nc3 O-O 8. Be3 Nc6 9. Qd2 e5 10. d5 Na5 11. b3 c6 12. Rd1 cxd5 13. Nxd5 Nxd5 14. exd5 b6 15. Bb5 Bd7 16. Bxd7 Qxd7 17. O-O Nb7 18. Rc1 Nd6 19. Rc6 Rac8 20. Rfc1 Ne4 21.
Qd3 Rxc6 22. Rxc6 f5 23. Qc4 Kh8 24. Rc7 Qd8 25. Qc6 f4 26. Bc1 Nd6 27. Rd7 Qc8 28. Rxd6 Qxc6 29. dxc6 e4 30. c7 1-0

[Event "*** Titled Tuesday Blitz"]
[Site "Chess.com"]
[Date "2018.08.07"]
[Round "9"]
[White "fidetrainerNET"]
[Black "ChessicallyInclined"]
[Result "0-1"]
[WhiteElo "1931"]
[BlackElo "2346"]
[TimeControl "180+2"]
[EndTime "15:04:55 PDT"]
[Termination "ChessicallyInclined won by resignation"]

1. c4 f5 2. Nc3 Nf6 3. d3 g6 4. e4 d6 5. Bg5 Bg7 6. f4 Nbd7 7. Nf3 O-O 8. Qc2 h6 9. Bh4 fxe4 10. dxe4 e5 11.
fxe5 Nxe5 12. O-O-O Qe8 13. Nd4 Bd7 14. h3 Nh5 15. g4 Nf4 16. Bg3 g5 17. Nf5 Bxf5 18.
exf5 Qc6 19. Rg1 Nf3 20. Bg2 Nxg2 21. Rxg2 Nd4 22. Qd3 Rae8 23. Rgd2 Qf3 24. Bf2 Qxd3 25. Rxd3 Ne2+ 26. Nxe2 Rxe2 27. R1d2 Rfe8 28. Bxa7 Rxd2 29.
Kxd2 b6 30. c5 bxc5 31. Re3 Ra8 32. Ra3 Bxb2 33. Ra5 Bd4 34. Kd3 Bf2 35. Kc4 c6 36. Bb6 d5+ 37. Kd3 c4+ 38. Ke2 Rxa5 39. Bxa5 Bc5 40. Bd8 d4 41. a4 Bb4 42. a5 d3+ 43. Kd1 c3 44. a6 c2+ 45. Kc1 Ba3+ 46. Kd2 c1=Q+ 47. Kxd3 Qd1+ 48. Kc4 Qxd8 0-1

[Event "*** Titled Tuesday Blitz"]
[Site "Chess.com"]
[Date "2018.08.07"]
[Round "9"]
[White "murmah2003"]
[Black "luca_va99"]
[Result "0-1"]
[WhiteElo "2549"]
[BlackElo "2437"]
[TimeControl "180+2"]
[EndTime "15:05:07 PDT"]
[Termination "luca_va99 won on time"]

1. Nf3 Nf6 2. c4 c6 3. Nc3 d5 4. e3 e6 5. b3 Nbd7 6. Bb2 Bd6 7. d4 a6 8. Bd3 b5 9. O-O Bb7 10. e4 b4 11. Nxd5 Nxd5 12. cxd5 cxd5 13. e5 Be7 14.
Qe2 Qb6 15. Bc1 Rc8 16. Be3 O-O 17. Bg5 Bxg5 18. Bxh7+ Kxh7 19. Nxg5+ Kg6 20. Qg4 f5 21. Qg3 Qxd4 22. Nxe6+ Qg4 23. Nxf8+ Nxf8 24. Qd3 Ne6 25. Qd2 Rc3 26. f3 Qh4 0-1

[Event "*** Titled Tuesday Blitz"]
[Site "Chess.com"]
[Date "2018.08.07"]
[Round "9"]
[White "saraswathii"]
[Black "David_Klein"]
[Result "1-0"]
[WhiteElo "2323"]
[BlackElo "2487"]
[TimeControl "180+2"]
[EndTime "15:05:08 PDT"]
[Termination "saraswathii won by checkmate"]

1. e4 a6 2. d3 f5 3. Nf3 Nc6 4. Nc3 e5 5. g3 Bc5 6. Bg2 Nf6 7.
O-O d6 8. Qe2 Qe7 9. Bg5 Be6 10.
exf5 Bxf5 11. Nh4 Nd4 12. Qd1 Bc8 13. Nd5 Qf7 14. Bxf6 gxf6 15. c3 Ne6 16. Qh5 Qxh5 17. Nxf6+ Ke7 18. Nxh5 Rf8 19. Rae1 Bd7 20. Bh3 Bb5 21.
d4 Bxf1 22. Kxf1 Bb6 23. f3 Ng5 24. Bg4 Rae8 25. dxe5 Kd8 26. e6 d5 27. Ng7 Re7 28.
Nhf5 Nxf3 29. Bxf3 Rxg7 30. Nxg7 Rxf3+ 31. Kg2 Rf2+ 32. Kh3 Ke7 33. g4 Rf3+ 34. Kg2 Rf2+ 35. Kg3 Rxb2 36.
Nf5+ Ke8 37. Kh3 c6 38. e7 Bc7 39. Ng7+ Kf7 40. e8=Q+ Kxg7 41. Re7+ Kf6 42. Qf7+ Kg5 43.
Qf5+ Kh6 44. Rxh7# 1-0

[Event "*** Titled Tuesday Blitz"]
[Site "Chess.com"]
[Date "2018.08.07"]
[Round "9"]
[White "ShadowJolteon"]
[Black "Titus369"]
[Result "1-0"]
[WhiteElo "2224"]
[BlackElo "2284"]
[TimeControl "180+2"]
[EndTime "15:05:09 PDT"]
[Termination "ShadowJolteon won by resignation"]

1. d4 d5 2. c4 e6 3. Nf3 Nf6 4.
g3 Be7 5. Bg2 O-O 6. O-O dxc4 7.
Qc2 b5 8. a4 Bb7 9. axb5 a6 10.
bxa6 Nxa6 11. Qxc4 Bd5 12. Qc3 Ne4 13. Qe3 Nd6 14.
Nc3 Nf5 15. Qf4 Bd6 16. Qg5 Be7 17. Qf4 Bd6 18. Qg5 Be7 19. Qd2 Nb4 20. Rxa8 Qxa8 21. Nxd5 exd5 22. Ne5 Rd8 23. Qc3 Na2 24. Qxc7 Rc8 25.
Qd7 Nxc1 26. Bxd5 Nxe2+ 27. Kg2 Qb8 28. Bxf7+ Kh8 29. Qxf5 Qa8+ 30. f3 g6 31. Nxg6+ hxg6 32. Qe5+ Kh7 33. Qxe7 Qa6 34. Bc4+ Kh6 1-0

[Event "*** Titled Tuesday Blitz"]
[Site "Chess.com"]
[Date "2018.08.07"]
[Round "9"]
[White "Zhuu96"]
[Black "GadimbayliA"]
[Result "0-1"]
[WhiteElo "2821"]
[BlackElo "2719"]
[TimeControl "180+2"]
[EndTime "15:05:10 PDT"]
[Termination "GadimbayliA won by resignation"]

1. e4 e6 2. d4 d5 3. Nc3 Bb4 4. e5 c5 5. a3 Bxc3+ 6. bxc3 Ne7 7. Qg4 Qc7 8. Qxg7 Rg8 9. Qxh7 cxd4 10. Ne2 dxc3 11.
f4 Nbc6 12. h4 Bd7 13. h5 O-O-O 14. Qd3 d4 15. h6 Kb8 16. h7 Rh8 17. g4 b6 18. Ng3 Bc8 19. Ne4 Nd5 20. Rb1 f5 21. exf6 Rxh7 22. Rxh7 Qxh7 23. g5 e5 24. Nf2 Bf5 25.
Qb5 e4 26. Qxc6 d3 27. cxd3 exd3 28. Bxd3 Bxd3 29. Rb4 Nxb4 30. axb4 Qh5 31. Nxd3 Rxd3 32. Qe4 Rd1+ 33. Kf2 Qh2+ 34. Kf3 Qh1+ 0-1

[Event "*** Titled Tuesday Blitz"]
[Site "Chess.com"]
[Date "2018.08.07"]
[Round "9"]
[White "Makalexa"]
[Black "tteshan"]
[Result "1-0"]
[WhiteElo "2148"]
[BlackElo "2064"]
[TimeControl "180+2"]
[EndTime "15:05:10 PDT"]
[Termination "Makalexa won by resignation"]

1. e4 c5 2. Nf3 Nc6 3. d4 cxd4 4. Nxd4 g6 5. c4 Bg7 6. Nc2 Nf6 7. Nc3 O-O 8. Be2 d6 9. O-O Be6 10. Be3 Rc8 11.
Qd2 Ng4 12. Bxg4 Bxg4 13. Rac1 Be6 14. b3 Qa5 15. Nd4 Nxd4 16. Bxd4 Bxd4 17. Qxd4 Qc5 18.
Rfd1 Qxd4 19. Rxd4 Rc5 20. f3 Rfc8 21. Rcd1 Kf8 22.
a4 a5 23. Kf2 R8c6 24. Ke3 Ke8 25. h3 Rb6 26. Nb5 Bd7 27. Rd5 Rc8 28. h4 Bxb5 29.
cxb5 Rc5 30. h5 e6 31. Rxc5 dxc5 32. e5 g5 33. h6 Ke7 34. g3 f6 35. f4 Kf7 36. Rd8 Kg6 37. Kd3 Kxh6 38. Kc4 gxf4 39.
gxf4 fxe5 40. fxe5 Kg6 41. Kxc5 Kf5 42. Kxb6 Kxe5 43. Kxb7 h5 44. Rh8 1-0

[Event "*** Titled Tuesday Blitz"]
[Site "Chess.com"]
[Date "2018.08.07"]
[Round "9"]
[White "LucaBrasi1968"]
[Black "SergeiAza"]
[Result "0-1"]
[WhiteElo "2470"]
[BlackElo "2699"]
[TimeControl "180+2"]
[EndTime "15:05:11 PDT"]
[Termination "SergeiAza won by resignation"]

1. d4 Nf6 2. Nf3 e6 3. Bg5 d5 4. e3 Be7 5. Bd3 c5 6. c3 Nbd7 7.
Nbd2 b6 8. O-O Bb7 9. Qe2 h6 10. Bf4 O-O 11. h3 Ne4 12. Ne5 Nxe5 13. Bxe5 Bf6 14.
Bxf6 Nxf6 15. Rad1 Qe7 16. dxc5 bxc5 17. e4 dxe4 18.
Nxe4 Nd5 19. c4 Nf4 20. Qe3 e5 21. f3 Bxe4 22. Bxe4 Rad8 23. Bd5 Qg5 24. Qd2 Nxh3+ 25. Kh2 Nf4 26. g3 Nxd5 27. Qxg5 hxg5 28. Rxd5 Rxd5 29.
cxd5 Rd8 30. Rd1 f5 31. g4 g6 32. Kg2 Kf7 33. Kf2 Ke7 34. Ke3 Kd6 35. Rg1 Rg8 36.
Rd1 a5 37. b3 a4 38. bxa4 Ra8 39.
Rg1 f4+ 40. Ke2 Rxa4 41. Rh1 Rxa2+ 42. Kd3 Ra3+ 43. Ke2 Kxd5 44. Rh6 Ra2+ 45. Kd3 Rf2 46. Rxg6 Rxf3+ 47. Ke2 Re3+ 48. Kd2 Ke4 49. Rxg5 c4 50. Rg8 c3+ 51. Kc2 Rg3 52. g5 f3 53. g6 Ke3 54. g7 e4 55. Kxc3 f2 0-1

[Event "*** Titled Tuesday Blitz"]
[Site "Chess.com"]
[Date "2018.08.07"]
[Round "9"]
[White "Angry_Twin"]
[Black "JozefKneht"]
[Result "1-0"]
[WhiteElo "2652"]
[BlackElo "2351"]
[TimeControl "180+2"]
[EndTime "15:05:14 PDT"]
[Termination "Angry_Twin won by resignation"]

1. e4 e5 2. Nf3 Nc6 3. Bb5 a6 4. Ba4 Nf6 5. O-O Be7 6. Re1 d6 7. c3 Bg4 8. h3 Bh5 9. d3 Qd7 10. Nbd2 g5 11. Nf1 g4 12. hxg4 Bxg4 13. Ne3 Rg8 14.
b4 h5 15. Kf1 h4 16. Ke2 Bh5 17. Rh1 d5 18. Rxh4 b5 19. Bb3 Bxf3+ 20. gxf3 d4 21. Nf5 dxc3 22. Be3 Bxb4 23. Rh6 Rg6 24. Rh8+ Ng8 25.
d4 exd4 26. Nxd4 O-O-O 27. Nf5 Qe8 28. Qh1 a5 29. Qh7 Rf6 30. Rg1 Rxf5 31. exf5 Nd4+ 32. Kf1 Nxb3 33. Rgxg8 Nd2+ 34. Kg2 c2 35. Rxe8 c1=Q 36.
Rxd8+ Kb7 37. Bxd2 Bxd2 38. Qxf7 1-0

[Event "*** Titled Tuesday Blitz"]
[Site "Chess.com"]
[Date "2018.08.07"]
[Round "9"]
[White "MarshKnight"]
[Black "krzysztofszczurek"]
[Result "1-0"]
[WhiteElo "2091"]
[BlackElo "2337"]
[TimeControl "180+2"]
[EndTime "15:05:32 PDT"]
[Termination "MarshKnight won on time"]

1. e4 c5 2. Nf3 d6 3. d4 cxd4 4. Nxd4 Nf6 5. Nc3 a6 6. Bg5 e6 7. Qf3 Be7 8. O-O-O Nbd7 9. Kb1 O-O 10. Bc1 Qc7 11.
g4 Ne5 12. Qh3 b5 13. g5 Ne8 14. f4 Ng6 15. f5 exf5 16. Nd5 Qa7 17. exf5 Ne5 18. Qg3 f6 19. Rg1 fxg5 20. Bxg5 Bxg5 21. Qxg5 Qf7 22. Bg2 Ra7 23. Rdf1 Nf6 24. Nf4 Re7 25.
Nfe6 Rfe8 26. Bh1 1-0

[Event "*** Titled Tuesday Blitz"]
[Site "Chess.com"]
[Date "2018.08.07"]
[Round "9"]
[White "guillembaches"]
[Black "morphy1984"]
[Result "0-1"]
[WhiteElo "2241"]
[BlackElo "2489"]
[TimeControl "180+2"]
[EndTime "15:05:35 PDT"]
[Termination "morphy1984 won by resignation"]

1. d4 e6 2. Bf4 f5 3. Nc3 Nf6 4. Nf3 b6 5. e3 Bb7 6. Nb5 Na6 7. c3 Be7 8. Be2 O-O 9. O-O Ne4 10. h3 g5 11. Bh2 g4 12. hxg4 fxg4 13. Nd2 g3 14.
fxg3 Bg5 15. Nxe4 Bxe4 16. Qd2 Qe7 17. Bf3 Bc6 18. Na3 Rae8 19. Nc4 Nb8 20. Ne5 Qg7 21.
g4 Qh6 22. Bf4 Rxf4 23. Bxc6 Rxf1+ 24. Kxf1 Nxc6 25. Nxc6 Qh1+ 26. Kf2 Qxa1 27. Ne5 Qh1 28. Nf3 Bh4+ 29. Ke2 Qxg2+ 0-1

[Event "*** Titled Tuesday Blitz"]
[Site "Chess.com"]
[Date "2018.08.07"]
[Round "9"]
[White "dereito"]
[Black "BlackBoarder"]
[Result "1-0"]
[WhiteElo "2308"]
[BlackElo "2381"]
[TimeControl "180+2"]
[EndTime "15:06:01 PDT"]
[Termination "dereito won by resignation"]

1. d4 Nf6 2. Bf4 e6 3. e3 d5 4. Nf3 c5 5. c3 Nc6 6. Nbd2 Be7 7. Bd3 Nh5 8. dxc5 Nxf4 9. exf4 Bxc5 10. Nb3 Bb6 11.
O-O h6 12. Re1 O-O 13. Qd2 Qf6 14. Nbd4 Bd7 15. Nxc6 Bxc6 16. Ne5 Rac8 17. a4 a5 18. b4 Rfd8 19. Ng4 Qh4 20. Ne5 Be8 21. b5 Qf6 22.
g3 Rc7 23. Rac1 Rdc8 24. c4 dxc4 25. Rxc4 Rxc4 26. Nxc4 Qd4 27. Nxb6 Qxb6 28. f5 Rd8 29. fxe6 Qd4 30. e7 Rd7 31. Qc2 Qxd3 32. Qc8 Kh7 33. Qxe8 Qd2 34. Qxd7 Qxe1+ 35. Kg2 Qe4+ 36. Kh3 g5 37. e8=Q g4+ 38. Kh4 1-0

[Event "*** Titled Tuesday Blitz"]
[Site "Chess.com"]
[Date "2018.08.07"]
[Round "9"]
[White "ChrisTool2"]
[Black "evgenysharapov"]
[Result "0-1"]
[WhiteElo "2256"]
[BlackElo "2378"]
[TimeControl "180+2"]
[EndTime "15:06:01 PDT"]
[Termination "evgenysharapov won by resignation"]

1. d4 d5 2. c4 c6 3. Nf3 Nf6 4. Nc3 e6 5. g3 Be7 6. Bg2 O-O 7. O-O Nbd7 8. Qc2 b6 9. Rd1 Bb7 10. e4 dxc4 11. Bf4 b5 12. a4 a6 13. Ne5 Nxe5 14. Bxe5 Qc8 15. d5 cxd5 16. Bxf6 Bxf6 17. exd5 Bxc3 18. bxc3 Bxd5 19. Bxd5 exd5 20. Rxd5 Rd8 21. Rad1 Rxd5 22. Rxd5 Qe6 23. Qd1 g6 24. Qd4 bxa4 25. Qxc4 Rc8 26. Qd4 a3 27. Rd8+ Rxd8 28. Qxd8+ Kg7 29.
Qd4+ Qf6 30. Qc4 a5 31. Qb3 a2 32. Qxa2 Qxc3 33. h4 h5 34. Kh2 Qb4 35. Qa1+ Kg8 36. Qf6 a4 37. Qd8+ Kg7 38. Qa8 a3 39. Kg2 Qb2 40.
Qa7 a2 0-1

[Event "*** Titled Tuesday Blitz"]
[Site "Chess.com"]
[Date "2018.08.07"]
[Round "9"]
[White "wonderfultime"]
[Black "oskariot"]
[Result "1-0"]
[WhiteElo "2857"]
[BlackElo "2487"]
[TimeControl "180+2"]
[EndTime "15:06:02 PDT"]
[Termination "wonderfultime won by resignation"]

1. d4 g6 2. Nf3 Bg7 3. Bg5 Nf6 4. Nbd2 d5 5. e3 O-O 6. Bd3 Nbd7 7. O-O Re8 8. c3 e5 9. e4 exd4 10. cxd4 dxe4 11.
Nxe4 h6 12. Qb3 Re6 13. Bh4 Rb6 14. Qc2 Nf8 15. Rfe1 Bf5 16. Nxf6+ Bxf6 17. Bxf5 Bxh4 18. Bd3 Bf6 19. Bc4 Kg7 20. Rad1 Rd6 21. Ne5 Rxd4 22.
Nxf7 Rxd1 23. Rxd1 Qe7 24. Qd2 g5 25. Re1 Qc5 26.
Bb3 a5 27. a3 a4 28. Ba2 Qa5 29. Qe2 Qc5 30. Qh5 Re8 31. Qxh6+ Kg8 32. Nxg5+ 1-0

[Event "*** Titled Tuesday Blitz"]
[Site "Chess.com"]
[Date "2018.08.07"]
[Round "9"]
[White "Litti"]
[Black "nOcHeaTiNgKiD"]
[Result "1-0"]
[WhiteElo "2465"]
[BlackElo "2379"]
[TimeControl "180+2"]
[EndTime "15:06:05 PDT"]
[Termination "Litti won on time"]

1. e4 g6 2. d4 Bg7 3. Nf3 d6 4. Nc3 a6 5. Be3 b5 6. Qd2 Bb7 7. Bd3 Nd7 8. O-O-O c5 9. dxc5 Nxc5 10. Kb1 Nxd3 11.
Qxd3 Nf6 12. Bd4 O-O 13. h4 Qa5 14. Nd5 Bxd5 15. exd5 h5 16. Ng5 b4 17. Bxf6 exf6 18. Ne4 Qc7 19. g4 hxg4 20. h5 f5 21. Ng3 Rac8 22. Rdg1 Qc4 23. Nxf5 gxf5 24. Qxf5 Qd4 25. c3 Rxc3 26. Rxg4 Rc5 27. Rxd4 Bxd4 28. Qg4+ Bg7 29. h6 1-0

[Event "*** Titled Tuesday Blitz"]
[Site "Chess.com"]
[Date "2018.08.07"]
[Round "9"]
[White "FearlessKing64"]
[Black "jposthuma"]
[Result "0-1"]
[WhiteElo "2223"]
[BlackElo "2357"]
[TimeControl "180+2"]
[EndTime "15:06:11 PDT"]
[Termination "jposthuma won by resignation"]

1. e4 c6 2. d4 d5 3. exd5 cxd5 4. c4 Nf6 5. Nc3 Nc6 6. Nf3 Bg4 7. cxd5 Nxd5 8. Qb3 Bxf3 9. gxf3 e6 10. Qxb7 Nxd4 11. Bb5+ Nxb5 12. Qc6+ Ke7 13. Qxb5 Nxc3 14. bxc3 Rb8 15.
Qc5+ Ke8 16. Qxa7 Bd6 17. Qa4+ Kf8 18. Ba3 Qe7 19. Bxd6 Qxd6 20. O-O g6 21. Rfd1 Qe5 22. Qd4 Qxd4 23. cxd4 Rb5 24. a4 Ra5 25. Kf1 Ke7 26. Rd2 Rha8 27. Rda2 Rd8 28. Rd2 e5 29. Re1 Kf8 30.
d5 Rdxd5 31. Rxd5 Rxd5 32. Ra1 Ra5 33. Ke2 Ke7 34. Kd3 Kd6 35. Kc4 Kc6 36. Kb4 Rd5 37. a5 Rd4+ 38. Kc3 Kb7 39. Rb1+ Ka6 40. Ra1 Rf4 41. Kd3 Rxf3+ 42. Ke4 Rxf2 43. Kxe5 Rxh2 44. Kf6 Rf2+ 45. Kg7 h5 46. Kh6 h4 47. Kg5 h3 48.
Kg4 h2 49. Kg3 Ra2 50. Rf1 Kxa5 51. Rxf7 h1=Q 0-1

[Event "*** Titled Tuesday Blitz"]
[Site "Chess.com"]
[Date "2018.08.07"]
[Round "9"]
[White "ruvat"]
[Black "francogreek"]
[Result "0-1"]
[WhiteElo "2274"]
[BlackElo "2420"]
[TimeControl "180+2"]
[EndTime "15:06:14 PDT"]
[Termination "francogreek won by resignation"]

1. d4 Nf6 2. c4 g6 3. Nf3 Bg7 4. g3 O-O 5. Bg2 d6 6. O-O Nc6 7. d5 Na5 8. Qa4 c5 9. Bd2 b6 10. Bc3 Bd7 11. Qc2 Bf5 12. Qc1 Qd7 13. Nbd2 Ne4 14.
Bxg7 Kxg7 15. Nxe4 Bxe4 16. Qc3+ Kg8 17. Rfe1 a6 18. Bf1 Nb7 19. Nd2 Bf5 20. e4 Bh3 21. e5 dxe5 22. Rxe5 Bxf1 23. Rxf1 Nd6 24. Rfe1 Rfe8 25. Kg2 b5 26. b3 b4 27. Qd3 a5 28.
Qe2 Ra7 29. h4 a4 30. h5 Nf5 31. hxg6 hxg6 32. Nf3 Kg7 33. Qe4 Rh8 34. Qf4 Ra6 35. R5e2 Nd4 36. Qe5+ Kg8 37. Ng5 f6 38. Qb8+ Kg7 39.
Ne6+ Nxe6 40. dxe6 Qc6+ 0-1

[Event "*** Titled Tuesday Blitz"]
[Site "Chess.com"]
[Date "2018.08.07"]
[Round "9"]
[White "Maxim_e2e4"]
[Black "AquivaRubinstein"]
[Result "0-1"]
[WhiteElo "2375"]
[BlackElo "2412"]
[TimeControl "180+2"]
[EndTime "15:06:16 PDT"]
[Termination "AquivaRubinstein won by resignation"]

1. e4 e6 2. d4 d5 3. e5 c5 4. c3 Qb6 5. Nf3 Bd7 6. Bd3 Bb5 7.
dxc5 Bxc5 8. b4 Be7 9. Be3 Qa6 10. Bc2 Bc4 11. Nbd2 Bd3 12. a4 Bxc2 13. Qxc2 b6 14.
b5 Qc8 15. O-O Nh6 16. Bxh6 gxh6 17. c4 Nd7 18. Rac1 O-O 19. Rfe1 Kh8 20. Nd4 Ba3 21.
Ra1 Bc5 22. Nc6 Nb8 23. cxd5 exd5 24. Qb2 Nxc6 25. bxc6 Qxc6 26. e6+ f6 27. Rac1 Rae8 28. Qb5 Rxe6 29. Qxc6 Rxc6 30. Nb3 Rfc8 31. Kf1 Kg8 32. Rcd1 Bb4 33. Re3 Rc3 34. Rxd5 Rxe3 35. fxe3 Rc3 36. Nd4 Rxe3 37. Rd8+ Kf7 38. Rd7+ Kg6 39. Rxa7 Bc5 40. Nf3 Ra3 41. Nh4+ Kg5 42. Nf3+ Kf4 43. Rf7 Ke3 44. Re7+ Bxe7 0-1